 Dungeon Crawl Stone Soup version 0.29.1-debian-4-g95531337e3 (webtiles) character file.

Game seed: 4287951068101053148

44922 DEFE the Basher (level 14, -16/112 HPs)
             Began as a Djinni Hunter on Sept 13, 2022.
             Was the Champion of Ashenzari.
             Killed from afar by an ice dragon (60 damage)
             ... with a blast of cold
             ... on level 5 of the Lair of Beasts.
             The game lasted 00:27:15 (15798 turns).

DEFE the Basher (Djinni Hunter)                    Turns: 15798, Time: 00:27:16

Health: -16/112    AC: 18    Str: 20    XL:     14   Next: 68%
Gold:   1637       EV: 11    Int: 11    God:    Ashenzari [******] SH:  7 Dex: 18

rFire   + + +      SeeInvis +   s - +8 hammer of Apeoromancy {vorpal, Will++, Evo, Self} (curse)
rCold   x . .      Faith    .   Q - +0 buckler of the Wild Blue Yonder {Fort, Melee} (curse)
rNeg    . . .      Spirit   .   D - +0 chain mail "Lashed Together" {Cun, Range} (curse)
rPois   ∞          Reflect  .   E - +0 helmet of the Ensconced Pleiades {Evo, Cun} (curse)
rElec   .          Harm     .   R - scarf "Bound Together" {+Inv, Evo, Cun} (curse)
rCorr   .          Rampage  .   J - +1 pair of gloves of the Fated Negligence {Melee, Range} (curse)
Will    +++..      Clarity  +   (boots unavailable)
Stlth   ..........              g - amulet "Eternal With Me" {Regen+, Evo, Fort} (curse)
HPRegen 1.08/turn               y - ring of Ashenzari's Anarchy {rF+, Cun, Evo} (curse)
MPRegen 0.00/turn               v - ring of the Esoteric Sky {Str+6, Evo, Fort} (curse)

@: flying
A: sickness immunity, fire resistance 2, cold vulnerability 1, float, innate
caster, HP casting, extra vitality 1
a: Renounce Religion, Evoke Invisibility, Shatter the Chains


You were on level 5 of the Lair of Beasts.
You worshipped Ashenzari.
Ashenzari was exalted by your worship.
You visited 3 branches of the dungeon, and saw 18 of its levels.
You also visited: Volcano.

You collected 1637 gold pieces.

Inventory:

Hand Weapons
 a - a +0 shortbow
 e - a +0 dagger
 l - a +1 dagger of protection
 s - the cursed +8 hammer of Apeoromancy (weapon) {vorpal, Will++, Evo, Self}
   (You found it on level 2 of the Dungeon)

   It inflicts extra damage upon your enemies.
   Will:      It greatly increases your willpower.
   It has a curse which improves the following skills: Evocations: Evocations.
   Introspection: Fighting and Spellcasting.
 B - a +1 demon whip of venom
Missiles
 d - 34 poisoned darts (quivered)
 G - 4 throwing nets
Armour
 c - a +0 leather armour
 D - the cursed +0 chain mail "Lashed Together" (worn) {Cun, Range}
   (You found it on level 5 of the Dungeon)

   It has a curse which improves the following skills: Cunning: Dodging and
   Stealth.
   Ranged Combat: Ranged Weapons and Throwing.
 E - the cursed +0 helmet of the Ensconced Pleiades (worn) {Evo, Cun}
   (You found it on level 6 of the Dungeon)

   It has a curse which improves the following skills: Evocations: Evocations.
   Cunning:   Dodging and Stealth.
 J - the cursed +1 pair of gloves of the Fated Negligence (worn) {Melee, Range}
   (You found it on level 10 of the Dungeon)

   It has a curse which improves the following skills: Melee Combat: Short
   Blades, Long Blades, Axes, Maces & Flails, Polearms, Staves and Unarmed
   Combat.
   Ranged Combat: Ranged Weapons and Throwing.
 M - the +1 ring mail of the Brewing Gods {Rampage rElec rC+}
   (You found it on level 11 of the Dungeon)

   rC:        It protects you from cold.
   rElec:     It insulates you from electricity.
   Rampage:   It bestows one free step when moving towards enemies.
 N - +0 acid dragon scales
 Q - the cursed +0 buckler of the Wild Blue Yonder (worn) {Fort, Melee}
   (You found it on level 12 of the Dungeon)

   It has a curse which improves the following skills: Fortitude: Armour and
   Shields.
   Melee Combat: Short Blades, Long Blades, Axes, Maces & Flails, Polearms,
   Staves and Unarmed Combat.
 R - the cursed scarf "Bound Together" (worn) {+Inv, Evo, Cun}
   (You found it on level 3 of the Lair of Beasts)

   It has a curse which improves the following skills: Evocations: Evocations.
   Cunning:   Dodging and Stealth.
 S - the +5 ring mail "Wereb" {Rampage rN+ Will+}
   (You found it on level 2 of the Lair of Beasts)

   rN:        It protects you from negative energy.
   Rampage:   It bestows one free step when moving towards enemies.
   Will:      It increases your willpower.
 X - a +0 plate armour of fire resistance
Jewellery
 g - the cursed amulet "Eternal With Me" (around neck) {Regen+, Evo, Fort}
   (You found it on level 1 of the Dungeon)

   [amulet of regeneration]

   Regen:     It increases your rate of health regeneration.
   It has a curse which improves the following skills: Evocations: Evocations.
   Fortitude: Armour and Shields.
 v - the cursed ring of the Esoteric Sky (right hand) {Str+6, Evo, Fort}
   (You found it on level 4 of the Lair of Beasts)

   [ring of strength]

   Str:       It affects your strength (+6).
   It has a curse which improves the following skills: Evocations: Evocations.
   Fortitude: Armour and Shields.
 y - the cursed ring of Ashenzari's Anarchy (left hand) {rF+, Cun, Evo}
   (You found it on level 4 of the Dungeon)

   [ring of protection from fire]

   rF:        It protects you from fire.
   It has a curse which improves the following skills: Cunning: Dodging and
   Stealth.
   Evocations: Evocations.
 H - a ring of fire
Wands
 I - a wand of iceblast (19)
 O - a wand of flame (35)
 T - a wand of light (5)
 U - a wand of digging (5)
 Y - a wand of charming (9)
 Z - a wand of polymorph (1)
Scrolls
 b - 6 scrolls of immolation
 j - 15 scrolls of identify
 o - 6 scrolls of noise
 p - 3 scrolls of enchant armour
 q - 7 scrolls of teleportation
 r - a scroll of silence
 z - 5 scrolls of enchant weapon
 C - 2 scrolls of magic mapping
 V - 3 scrolls of torment
Potions
 f - 2 potions of brilliance
 h - 3 potions of haste
 i - 6 potions of ambrosia
 k - 2 potions of magic
 n - 2 potions of flight
 t - 3 potions of attraction
 u - 7 potions of degeneration
 w - 6 potions of curing
 x - 7 potions of mutation
 F - 3 potions of invisibility
 L - 2 potions of cancellation
 P - 2 potions of lignification
 W - a potion of might
Miscellaneous
 m - a phantom mirror (inert)
 K - a phial of floods


   Skills:
 + Level 12.0(14.6) Fighting
 + Level 12.1(16.0) Maces & Flails
 - Level 3.6(7.1) Ranged Weapons
 + Level 10.3(15.4) Armour
 - Level 2.2(6.6) Dodging
 - Level 0.9(3.9) Stealth
 + Level 6.9(11.9) Shields
 + Level 10.6(18.7) Evocations


You couldn't memorise any spells.
You knew the following spells:

 Your Spells              Type           Power      Damage    Failure   Level
a - Slow                  Hex            0%         N/A       88%         1
b - Searing Ray           Conj           0%         2d4       95%         2
c - Ozocubu's Armour      Ice            0%         N/A       99%         3
d - Confusing Touch       Hex            0%         N/A       99%         3
e - Blade Hands           Tmut           0%         N/A       100%        5
f - Summon Forest         Summ/Tloc      0%         N/A       100%        5
Your spell library was empty.


Dungeon Overview and Level Annotations

Branches:
Dungeon (12/15)            Temple (1/1) D:5            Lair (5/5) D:8
 Shoals (0/4) Lair:2       Spider (0/4) Lair:2        Slime (0/5) Lair:4
    Orc (0/2) D:9         Volcano (visited)

Altars:
Ashenzari
Cheibriados
Dithmenos
Elyvilon
Fedhas
Gozag
Hepliaklqana
Makhleb
Nemelex Xobeh
Okawaru
Qazlal
Ru
Trog
Uskayaw
Wu Jian
Xom
Yredelemnul
Zin
The Shining One
Jiyva

Shops:
D:9 *   D:12 (

Annotations:
D:3 2 runed translucent doors, Heedrag's ghost, amateur DsTm
D:8 3 runed translucent doors, Lycake's ghost, novice PaBe; dittoslash's ghost, novice MeCA; fedoskokos's ghost, novice MiFi; leebro123's ghost, journeyman HOHu


Innate Abilities, Weirdness & Mutations

You are immune to sickness and miasma.
You are immune to poison.
Your flesh is very heat resistant. (rF++)
You are vulnerable to cold. (rC-)
You float through the air rather than walking.
You learn spells naturally, not from books.
Your magical power is your life essence.
You have superior vitality. (+4 MHP)


Message History

The komodo dragon bites you!
You take 7 damage, and have 105/112 hp.
A komodo dragon is nearby!
A komodo dragon is nearby!
You completely miss the komodo dragon. The komodo dragon bites you!!
You take 23 damage, and have 82/112 hp.
MASSIVE DAMAGE!!
You sock the komodo dragon!
You kill the komodo dragon!
Unknown command.
No target in view!
No target in view!
Unknown command.
You start resting.
Health restored: 112 Key pressed, stopping explore.
Unknown command.
An ice dragon is nearby!
An ice dragon is nearby!
The ice dragon roars deafeningly!
The ice dragon breathes frost at you. The blast of cold hits you!!!
You feel a terrible chill!
Ouch! That really hurt!
You take 70 damage, and have 42/112 hp.
MASSIVE DAMAGE!!
Aim: an ice dragon You reflect the ice dragon with the mirror!
The mirror clouds!
Okay, then.
As you read the scroll of summoning, it crumbles to dust.
Wisps of shadow whirl around you... The ice dragon breathes frost at you.
The blast of cold hits your basilisk!!!
Your basilisk dies!
Your basilisk's corpse dissolves into shadows!
The blast of cold hits you!!!
You feel a terrible chill!
Ouch! That really hurt!
You die...

,, ,,,....................... ,
,,,,* *.#......#.##..†#.###.# ,,
**,** ####......#####.###### , **
#####..############### ,,
***##*#.##...############### , ,
**..##..##..##..##.#####P#. ,,
,,......................... , , ,
.......S................. , ,* *
..#....@####.#..#....##. , ** *
** #..F.##########P...### , * **
####.S.###########...### ...*
###.....D#..##.P####....#. ....,,
........D................. ...
........................... ..#
*PP.#.#......#...#........<..
..###P.P##.....###...............
.................................


You could see an ice dragon (catching breath, ally target), a friendly ice
dragon (summoned, drained), a friendly cane toad (summoned) and 2 friendly water
moccasins.

Vanquished Creatures
  Josephine (Lair:4)
  Harold (D:10)
  3 hydras
  Erica (D:8)
  A boulder beetle (D:12)
  A two-headed ogre (D:9)
  6 death yaks (Lair:3)
  Amaemon (D:9)
  Nergalle (D:11)
  A death drake (D:10)
  2 lindwurms (Volcano)
  2 cyclopes (D:12)
  A toenail golem (Volcano)
  11 black mambas
  3 molten gargoyles (Volcano)
  An orange demon (D:9)
  8 cane toads
  Psyche (D:8)
  A rime drake (Lair:4)
  9 komodo dragons
  An efreet (Volcano)
  4 trolls
  7 polar bears
  5 dream sheep
  A slime creature (Lair:3)
  9 blink frogs
  2 jumping spiders (Lair:2)
  A fire bat (D:4)
  4 shadows
  A culicivora (Lair:2)
  A vampire (D:12)
  4 wraiths
  35 yaks
  2 fire elementals (Volcano)
  2 wyverns
  2 basilisks
  2 steam dragons
  A warg (Lair:5)
  An acid dragon (D:11)
  13 water moccasins
  A hell hound (Lair:5)
  6 black bears
  2 sky beasts
  3 orc warriors
  An ice beast (D:8)
  3 ogres
  11 wolves
  5 centaurs
  4 lemures
  2 phantoms
  2 kobold brigands
  15 bullfrogs
  A gnoll sergeant (D:7)
  3 scorpions
  2 earth elementals (Volcano)
  9 wights
  7 killer bees
  An electric eel (D:12)
  5 howler monkeys
  A vampire bat (Lair:1)
  5 jellies
  5 hounds
  8 orc priests
  Crazy Yiuf (D:2)
  2 gnoll boudas
  Jessica (D:2)
  5 iguanas
  7 orc wizards
  Robin (D:2)
  17 gnolls
  5 adders
  A white imp (Lair:5)
  2 ufetubi
  A worm (D:11)
  2 dart slugs
  26 orcs
  10 ball pythons
  16 bats
  5 endoplasms
  4 giant cockroaches
  15 hobgoblins
  12 jackals
  13 kobolds
  4 frilled lizards
  14 goblins
  4 rats
424 creatures vanquished.

Vanquished Creatures (collateral kills)
  A lindwurm (Lair:5)
  A torpor snail (Lair:5)
  A cane toad (Lair:5)
  A komodo dragon (Lair:1)
  A rime drake (Lair:5)
  2 yaks (Lair:5)
  A water moccasin (Lair:5)
8 creatures vanquished.

Vanquished Creatures (others)
  A water moccasin (Lair:4)
  A killer bee (D:10)
  2 white imps (Lair:5)
  A fire vortex (Volcano)
  38 fungi
  64 plants
  A withered plant (D:8)
108 creatures vanquished.

Grand Total: 540 creatures vanquished

Notes
Turn   | Place    | Note
-------+----------+-------------------------------------------
     0 | D:1      | DEFE the Djinni Hunter began the quest for the Orb.
     0 | D:1      | Reached XP level 1. HP: 18/18 MP: 0/0
   143 | D:1      | Reached XP level 2. HP: 19/24 MP: 0/0
   351 | D:1      | Reached XP level 3. HP: 30/30 MP: 0/0
   351 | D:1      | Learned a level 1 spell: Slow
   845 | D:2      | Noticed Jessica
   854 | D:2      | Killed Jessica
   855 | D:2      | Reached XP level 4. HP: 27/37 MP: 0/0
  1057 | D:2      | Found a runed translucent door.
  1058 | D:2      | Noticed Crazy Yiuf
  1068 | D:2      | Killed Crazy Yiuf
  1069 | D:2      | Reached XP level 5. HP: 26/41 MP: 0/0
  1069 | D:2      | Learned a level 2 spell: Searing Ray
  1105 | D:2      | Identified the +8 hammer of Weing {vorpal, Will++}
  1202 | D:2      | Noticed Robin
  1224 | D:2      | Killed Robin
  1232 | D:2      | Reached skill level 1 in Maces & Flails
  1607 | D:2      | Found a shimmering altar of Xom.
  1747 | D:3      | Found a runed translucent door.
  1748 | D:3      | Noticed Heedrag's ghost (amateur DsTm)
  1984 | D:3      | Found a runed translucent door.
  2001 | D:3      | Found an opulent altar of Gozag.
  2005 | D:3      | Found a hazy altar of Hepliaklqana.
  2242 | D:3      | Found a faded altar of an unknown god.
  2302 | D:4      | Noticed a phantom
  2309 | D:4      | Killed a phantom
  2310 | D:4      | Reached XP level 6. HP: 34/47 MP: 0/0
  2481 | D:4      | Noticed an acid dragon
  2482 | D:4      | Noticed a fire bat
  2482 | D:4      | an acid dragon changed into a fire bat
  2486 | D:4      | Killed a fire bat
  2487 | D:4      | Reached XP level 7. HP: 49/52 MP: 0/0
  2487 | D:4      | Learned a level 3 spell: Ozocubu's Armour
  2711 | D:4      | Reached skill level 5 in Maces & Flails
  2873 | D:5      | Entered Level 5 of the Dungeon
  2942 | D:5      | Noticed a water moccasin
  2947 | D:5      | Killed a water moccasin
  2948 | D:5      | Reached XP level 8. HP: 44/58 MP: 0/0
  3240 | D:5      | Found a staircase to the Ecumenical Temple.
  3257 | Temple   | Entered the Ecumenical Temple
  3257 | Temple   | Found a transporter.
  3257 | Temple   | Found a transporter.
  3259 | Temple   | Found a transporter.
  3259 | Temple   | Found a transporter.
  3900 | D:5      | Found a broken altar of Ashenzari.
  3989 | D:5      | Became a worshipper of Ashenzari the Shackled
  4272 | D:6      | Reached XP level 9. HP: 47/63 MP: 0/0
  4272 | D:6      | Learned a level 3 spell: Confusing Touch
  4875 | D:6      | Reached skill level 5 in Fighting
  5490 | D:7      | Reached * piety under Ashenzari
  5883 | D:7      | Found a sparkling altar of Nemelex Xobeh.
  5971 | D:8      | Reached skill level 1 in Evocations
  6068 | D:8      | Reached skill level 1 in Armour
  6070 | D:8      | Found a runed translucent gate.
  6070 | D:8      | Found a runed translucent gate.
  6070 | D:8      | Found a runed translucent gate.
  6070 | D:8      | Noticed dittoslash's ghost (novice MeCA)
  6070 | D:8      | Noticed fedoskokos's ghost (novice MiFi)
  6071 | D:8      | Noticed Lycake's ghost (novice PaBe)
  6072 | D:8      | Noticed leebro123's ghost (journeyman HOHu)
  6096 | D:8      | Reached XP level 10. HP: 54/73 MP: 0/0
  6096 | D:8      | Noticed Erica
  6124 | D:8      | Killed Erica
  6161 | D:8      | Found a staircase to the Lair.
  6332 | D:8      | Noticed Psyche
  6340 | D:8      | Killed Psyche
  6530 | D:8      | Noticed Pikel
  6539 | D:8      | Noticed Pikel
  6539 | D:8      | Pikel changed into Pikel the rime drake
  6543 | D:8      | Noticed Pikel
  6543 | D:8      | Pikel the rime drake changed into Pikel the sky beast
  6547 | D:8      | Killed Pikel the sky beast
  6741 | D:9      | Found Guitistry's General Store.
  6766 | D:9      | Found a staircase to the Orcish Mines.
  6854 | D:9      | Reached ** piety under Ashenzari
  6939 | D:9      | Noticed a two-headed ogre
  6970 | D:9      | Killed a two-headed ogre
  6971 | D:9      | Reached skill level 5 in Evocations
  7027 | D:9      | Noticed Amaemon
  7028 | D:9      | Noticed an orange demon
  7031 | D:9      | Killed an orange demon
  7032 | D:9      | Reached XP level 11. HP: 84/84 MP: 0/0
  7032 | D:9      | Learned a level 5 spell: Blade Hands
  7043 | D:9      | Killed Amaemon
  7044 | D:9      | Reached skill level 5 in Armour
  7211 | D:9      | Found a blossoming altar of Fedhas.
  7320 | D:9      | Identified the +1 leather armour "Faliwo Qaf" {SInv}
  7492 | D:10     | Entered Level 10 of the Dungeon
  7705 | D:10     | Noticed Harold
  7726 | D:10     | Killed Harold
  7862 | D:10     | Found a shadowy altar of Dithmenos.
  7998 | D:10     | Reached skill level 10 in Maces & Flails
  8073 | D:10     | Reached *** piety under Ashenzari
  8156 | D:10     | Noticed a six-headed hydra
  8157 | D:10     | Noticed an orc knight
  8246 | D:10     | Killed a six-headed hydra
  8278 | D:10     | Noticed a death drake
  8278 | D:10     | an orc knight changed into a death drake
  8305 | D:10     | Killed a death drake
  8439 | D:11     | Identified the +1 ring mail of the Brewing Gods {Rampage
                  | rElec rC+}
  8723 | D:11     | Reached XP level 12. HP: 77/93 MP: 0/0
  9423 | D:12     | Found Ixomom's Antique Weapon Shop.
  9475 | D:12     | Noticed a boulder beetle
  9496 | D:12     | Killed a boulder beetle
  9950 | D:12     | Noticed Nergalle
  9990 | D:11     | Killed Nergalle
 10494 | Lair:1   | Entered Level 1 of the Lair of Beasts
 10582 | Lair:1   | Reached skill level 1 in Shields
 10630 | Lair:1   | Reached **** piety under Ashenzari
 10669 | Lair:1   | Reached skill level 10 in Fighting
 11212 | Lair:1   | Reached ***** piety under Ashenzari
 11715 | Lair:2   | Found a staircase to the Shoals.
 11796 | Lair:2   | Reached XP level 13. HP: 71/102 MP: 0/0
 11796 | Lair:2   | Learned a level 5 spell: Summon Forest
 11833 | Lair:2   | Found a hole to the Spider Nest.
 12074 | Lair:2   | Identified the +5 ring mail "Wereb" {Rampage rN+ Will+}
 12686 | Lair:3   | Noticed a seven-headed hydra
 12695 | Lair:3   | Killed a seven-headed hydra
 13228 | Lair:3   | Reached skill level 5 in Shields
 13820 | Lair:4   | Noticed Josephine
 13843 | Lair:4   | Killed Josephine
 13844 | Lair:4   | Reached XP level 14. HP: 44/95 MP: 0/0
 14109 | Lair:4   | Reached ****** piety under Ashenzari
 14159 | Lair:4   | Found a viscous altar of Jiyva.
 14162 | Lair:4   | Found a staircase to the Slime Pits.
 14520 | Lair:5   | Entered Level 5 of the Lair of Beasts
 14528 | Lair:5   | Found a dark tunnel.
 14548 | Lair:5   | Reached skill level 10 in Evocations
 14579 | Volcano  | Entered a volcano
 14842 | Lair:5   | Reached skill level 10 in Armour
 15798 | Lair:5   | Killed from afar by an ice dragon

Illustrated notes

Levels and vault maps discovered:
D:1:      nicolae_arrival_memento_mori, layout_basic, nrook_campfire,
          minmay_tall_x
D:2:      layout_loops_ring, basic_altar, minmay_circle_x, uniq_robin,
          uniq_jessica, uniq_crazy_yiuf_cottage
D:3:      layout_rooms, minitemple, hellmonk_ecumenical_altar_heavens_door,
          ebering_ghost_sewer_f, st_stairs_3, minmay_checkerbox
D:4:      black_bear_nest_2, layout_rooms
D:5:      layout_loops_ring, lemuel_round_altar, minmay_temple_entry_mini_moons,
          corexii_shack
D:6:      layout_basic, mainiacjoe_overflow_alcove_2
D:7:      layout_loops_cross, nicolae_overflow_hidden_temple,
          minmay_misc_feat_enclosed
D:8:      layout_rooms, due_lair_maze_entry_diamond, gammafunk_ghost_cemetery,
          uniq_pikel, uniq_erica, uniq_psyche
D:9:      layout_roguey, general_overflow_altar, serial_shops,
          nicolae_shop_trees, uniq_amaemon
D:10:     layout_loops_cross, nicolae_dithmenos_shadow_blocks,
          minmay_mirror_moons_of_madness, uniq_harold
D:11:     layout_loops_ring, special_room [special_room_orc]
D:12:     layout_basic, serial_shops, nicolae_shop_statue_plus, uniq_nergalle
Temple:   hellmonk_temple_divided_pantheon
Lair:1:   layout_chaotic_city, roderic_batcave, serial_bayou_pond_d,
          beast_lair_carwin_9
Lair:2:   nzn_winding_woodlands_cross [nzn_winding_woodlands_5x15_garden,
          nzn_winding_woodlands_5x15_concentric,
          nzn_winding_woodlands_5x15_longhouse,
          nzn_winding_woodlands_5x15_default,
          nzn_winding_woodlands_15x15_killbox], layout_misc_corridors,
          minmay_shoals_entry_centaurs, spider_nest_entry_funnel_web,
          wad_woods_road_03
Lair:3:   layout_roguey
Lair:4:   layout_gridlike, minmay_slime_entry_pillars, grunt_megastairs_3,
          uniq_josephine
Lair:5:   hangedman_lair_caniforms_friends, layout_long_grid, enter_volcano_1,
          bobbens_ice_dragon_lair, lemuel_fruit_fields

Skill      XL: |  1  2  3  4  5  6  7  8  9 10 11 12 13 14 |
---------------+-------------------------------------------+-----
Fighting       | 3 4 6 7 9 10 11 12 | 12.0
Maces & Flails | 3 4 5 7 8 9 10 11 12 | 12.1
Evocations     | 2 5 7 8 9 10 | 10.6
Armour         | 2 4 6 8 9 10 | 10.3
Shields        | 2 5 6 |  6.9
Ranged Weapons | |  3.6
Dodging        | |  2.2
Stealth        | |  0.9

Action                   |  1- 3 |  4- 6 |  7- 9 | 10-12 | 13-15 || total
-------------------------+-------+-------+-------+-------+-------++-------
Melee: Dagger            |       |     3 |       |       |       ||     3
       Punch             |       |     2 |     1 |     7 |       ||    10
       Mace              |       |   106 |   210 |   660 |   638 ||  1614
 Fire: Shortbow          |    62 |    47 |       |       |       ||   109
Throw: Dart              |     1 |     2 |       |     7 |       ||    10
Invok: Curse Item        |       |       |     2 |     5 |     2 ||     9
 Abil: Evoke Invisibilit |       |       |       |       |     2 ||     2
Evoke: Wand              |       |     1 |     3 |    32 |     3 ||    39
       Phial of floods   |       |       |       |     1 |     1 ||     2
       Phantom mirror    |       |       |       |     1 |     2 ||     3
  Use: Potion            |       |       |       |     5 |     3 ||     8
       Scroll            |       |       |       |     4 |     5 ||     9
 Stab: Sleeping          |       |       |     1 |       |       ||     1
       Distracted        |       |       |       |     1 |       ||     1
       Invisible         |       |       |       |       |     6 ||     6
Armor: Leather armour    |     5 |    38 |     5 |       |       ||    48
       Chain mail        |       |       |    80 |   369 |   198 ||   647
Dodge: Dodged            |    31 |    94 |    75 |   270 |   253 ||   723
Block: Buckler           |       |       |       |    39 |   172 ||   211
